 Dungeon Crawl Stone Soup version 0.28.0-53-g5a82cb258f (webtiles) character file.

Game seed: 1418314529541416604

1265 Sanktem7 the Cleaver (level 8, -3/78 HPs)
             Began as a Minotaur Berserker on July 1, 2022.
             Was an Elder of Trog.
             Splashed by a jelly's acid (7 damage)
             ... on level 5 of the Dungeon.
             The game lasted 00:08:03 (5268 turns).

Sanktem7 the Cleaver (Minotaur Berserker)           Turns: 5268, Time: 00:08:04

Health: -3/78      AC: -6    Str: 22    XL:     8   Next: 27%
Magic:  7/7        EV:  7    Int:  4    God:    Trog [****..]
Gold:   220        SH:  0    Dex: 12    Spells: 7/7 levels left

rFire   . . .      SeeInvis .   a - +0 hand axe {axe}
rCold   . . .      Faith    .   (no shield)
rNeg    . . .      Spirit   .   n - +0 plate armour
rPois   .          Reflect  .   (helmet restricted)
rElec   .          Harm     .   w - +0 cloak
rCorr   .          Rampage  .   b - +0 pair of gloves
Will    .....                   (no boots)
Stlth   ..........              (no amulet)
HPRegen 0.23/turn               (no ring)
MPRegen 0.10/turn               (no ring)

@: corroded
A: horns 2, retaliatory headbutt
a: Renounce Religion, Berserk, Trog's Hand, Brothers in Arms


You were on level 5 of the Dungeon.
You worshipped Trog.
Trog was greatly pleased with you.
You visited 1 branch of the dungeon, and saw 5 of its levels.

You collected 220 gold pieces.


Innate Abilities, Weirdness & Mutations

You have a pair of horns on your head.
You reflexively headbutt those who attack you in melee.


   Skills:
 * Level 9.2 Fighting
 * Level 9.3 Axes
 - Level 2.4 Armour
 - Level 2.1 Dodging


You had 7 spell levels left.
You didn't know any spells.
Your spell library contained the following spells:

 Spells                   Type           Power      Damage    Failure   Level
 Pain                     Necr           0%         1d4       100%        1
 Dazzling Flash           Conj/Hex       0%         N/A       100%        3
 Agony                    Necr           0%         N/A       100%        5
 Excruciating Wounds      Necr           0%         N/A       100%        5
 Silence                  Hex/Air        0%         N/A       100%        5

Inventory:

Hand Weapons
 a - a +0 hand axe (weapon) {axe}
 u - a +1 whip of electrocution {mace}
   (You found it on level 2 of the Dungeon)
 E - a +0 short sword of freezing {short}
   (You took it off an orc on level 5 of the Dungeon)
Missiles
 c - 278 stones (quivered) {throwing}
 j - 90 arrows
 z - 38 sling bullets
 A - 18 bolts
 G - 6 javelins {throwing}
Armour
 b - a +0 pair of gloves (worn)
   (You found it on level 1 of the Dungeon)
 f - a +0 ring mail of fire resistance
   (You found it on level 1 of the Dungeon)
 n - a +0 plate armour (worn)
   (You found it on level 3 of the Dungeon)
 w - a +0 cloak (worn)
   (You took it off Crazy Yiuf on level 2 of the Dungeon)
 D - a +2 leather armour of fire resistance
   (You took it off an orc on level 4 of the Dungeon)
Jewellery
 p - an amulet of faith {!P}
   (You found it on level 2 of the Dungeon)
Wands
 y - a wand of charming (9)
   (You found it on level 3 of the Dungeon)
Scrolls
 e - 2 scrolls of fog
 g - a scroll of immolation {unknown}
 i - 2 scrolls of fear
 r - 2 scrolls of enchant weapon {unknown}
 s - a scroll of noise {unknown}
 t - 3 scrolls of teleportation {unknown}
 C - a scroll of vulnerability {unknown}
 F - a scroll of holy word {unknown}
Potions
 d - 2 potions of magic {unknown}
 h - 2 potions of lignification {unknown}
 k - 2 potions of brilliance {unknown}
 l - 3 potions of degeneration {!q@e2}
 m - 2 potions of haste {unknown}
 o - 2 potions of might {unknown}
 q - 4 potions of heal wounds {unknown}
 v - a potion of invisibility {unknown}
 x - a potion of ambrosia {unknown}
 B - 3 potions of curing {unknown}

Dungeon Overview and Level Annotations

Branches:
Dungeon (5/15)
 Temple: D:4-7

Altars:
Vehumet

Shops:
D:1

:!** ####.#.....#
.....#.....# ...#
#.####.....# ...
#.# ####### ...
#.# #.. ..# #.#
######## #.#
.......# ### #J#
.#####.###.#####@#
.#####.##........#
...........#######
.#####.#####
.#####.# .......#
########


You could see a jelly.


Message History

The water moccasin bites you but does no damage. x2 😮 HP[-2]
You take 2 damage, and now have 47/78 hp.
You hit the water moccasin.
You feel sick.
The water moccasin bites you but does no damage. 😮 HP[-1]
You take 1 damage, and now have 46/78 hp.
You barely miss the water moccasin.
You feel sick.
The water moccasin bites you but does no damage. 😮 HP[-1]
You take 1 damage, and now have 45/78 hp.
You hit the water moccasin.
Your headbutt misses the water moccasin.
You feel sick.
The water moccasin barely misses you. 😮 HP[-1]
You take 1 damage, and now have 44/78 hp.
You miss the water moccasin. You headbutt the water moccasin.
You kill the water moccasin!
Trog accepts your kill.
You feel sick.
You feel sick.
You see here a water moccasin corpse. 😮 HP[-1]
You take 1 damage, and now have 43/78 hp.
You feel sick. 😮 HP[-1]
You take 1 damage, and now have 42/78 hp.
You feel sick.
You are no longer poisoned. 😮 HP[-1]
You take 1 damage, and now have 41/78 hp.
You start resting. 😎 HP[+37]
Your hp is fully restored (78).
Found a stone staircase leading down.
You now have 220 gold pieces (gained 11).
Found a stone staircase leading up.
There is a stone staircase leading up here.
c - 264 stones {throwing} (gained 11)
c - 278 stones {throwing} (gained 14)
G - 6 javelins {throwing} A jelly comes into view.
The jelly quivers.
A jelly is nearby!
A jelly is nearby!
The jelly hits you but does no damage.
You hit the jelly but do no damage. The acid corrodes you!
Your hands burn!
You headbutt the jelly, but do no damage.
The jelly hits you but does no damage. 😕 HP[-1]
You take 1 damage, and now have 77/78 hp.
You hit the jelly. The acid corrodes you!
Your hands burn!
The jelly hits you. The acid corrodes you!
You are splashed with acid! 😕 HP[-11]
You take 11 damage, and now have 66/78 hp.
You hit the jelly but do no damage. The acid corrodes you!
Your hands burn!
The jelly hits you. The acid corrodes you!
You are splashed with acid. 😮 HP[-10]
You take 10 damage, and now have 56/78 hp.
You are too injured to fight recklessly!
You are too injured to fight recklessly!
You are too injured to fight recklessly!
You are too injured to fight recklessly!
You are too injured to fight recklessly!
You are too injured to fight recklessly!
You are too injured to fight recklessly!
You are too injured to fight recklessly!
You are too injured to fight recklessly!
You hit the jelly but do no damage.
Your hands burn! 😮 HP[-3]
You take 3 damage, and now have 53/78 hp.
You completely miss the jelly. The jelly hits you.
You are splashed with acid! 😮 HP[-9]
You take 9 damage, and now have 44/78 hp.
You completely miss the jelly.
You headbutt the jelly, but do no damage.
The jelly hits you.
You are splashed with acid!
* * * LOW HITPOINT WARNING * * *
😨 HP[-11]
You take 11 damage, and now have 33/78 hp.
You hit the jelly but do no damage.
Your hands burn!
* * * LOW HITPOINT WARNING * * *
The jelly hits you.
* * * LOW HITPOINT WARNING * * *
You are splashed with acid!
* * * LOW HITPOINT WARNING * * *
😱 HP[-14]
You take 14 damage, and now have 19/78 hp.
You hit the jelly. The acid corrodes you!
Your hands burn!
* * * LOW HITPOINT WARNING * * *
The jelly hits you.
* * * LOW HITPOINT WARNING * * *
You are splashed with acid!
* * * LOW HITPOINT WARNING * * *
😱 HP[-12]
You take 12 damage, and now have 7/78 hp.
You barely miss the jelly. The jelly hits you.
* * * LOW HITPOINT WARNING * * *
You are splashed with acid!
You die...

Skill      XL: |  1  2  3  4  5  6  7  8 |
---------------+-------------------------+-----
Fighting       | 4 5 6 7 8 9 |  9.2
Axes           | 4 6 7 8 9 |  9.3
Armour         | |  2.4
Dodging        | |  2.1

Action                   |  1- 3 |  4- 6 |  7- 9 || total
-------------------------+-------+-------+-------++-------
Melee: Hand axe          |    92 |   109 |   133 ||   334
       Headbutt          |    15 |    26 |    32 ||    73
       Punch             |       |       |     1 ||     1
  Use: Scroll            |       |     3 |       ||     3
Armor: Animal skin       |    12 |       |       ||    12
       Ring mail         |    18 |     2 |       ||    20
       Plate armour      |       |    40 |    84 ||   124
Dodge: Dodged            |    61 |    45 |    25 ||   131

Levels and vault maps discovered:
D:1:      dpeg_arrival_arbitrary_a, layout_loops_ring, serial_shops,
          nicolae_diamond_shop, shop, nicolae_square_shop, nicolae_shop_trees,
          st_stairs_4, hangedman_decor_clover_reticule, minivault_23,
          hangedman_glass_teeth, minmay_octomino_c4
D:2:      layout_loops_ring, ebering_ecumenical_altar_hall,
          grunt_decor_fettered, uniq_sigmund, uniq_crazy_yiuf_cottage
D:3:      layout_rooms, mainiacjoe_overflow_alcove_4
D:4:      nicolae_cairo_tiling_large, layout_cave_pools, minmay_bent
D:5:      layout_loops_cross, kennysheep_little_box,
          minmay_temple_entry_nine_rooms

Notes
Turn   | Place    | Note
-------+----------+-------------------------------------------
     0 | D:1      | Sanktem7 the Minotaur Berserker began the quest for the
                  | Orb.
     0 | D:1      | Reached XP level 1. HP: 19/19 MP: 0/0
     0 | D:1      | magus.rc [v1.9.6]
   259 | D:1      | Found Coemof's General Store.
   261 | D:1      | Reached skill level 4 in Fighting
   261 | D:1      | Reached skill level 4 in Axes
   261 | D:1      | Reached XP level 2. HP: 27/27 MP: 1/1
   376 | D:1      | Found Nojur's Distillery.
   606 | D:1      | Reached ** piety under Trog
   609 | D:1      | Found Obiluar's Book Boutique.
   631 | D:1      | Reached XP level 3. HP: 31/34 MP: 2/2
   631 | D:1      | magus.rc [v1.9.6]
   887 | D:1      | Found Jexkeman's General Store.
  1593 | D:2      | Reached skill level 5 in Fighting
  1593 | D:2      | Reached XP level 4. HP: 42/42 MP: 3/3
  1637 | D:2      | Reached skill level 5 in Axes
  1731 | D:2      | Found a runed translucent door.
  1732 | D:2      | Noticed Crazy Yiuf
  1849 | D:2      | Noticed Sigmund
  1864 | D:2      | HP: 5/42 [Sigmund/+0 scythe (10)]
  1865 | D:2      | Killed Sigmund
  1866 | D:2      | Reached skill level 6 in Fighting
  1866 | D:2      | Reached skill level 6 in Axes
  1866 | D:2      | Reached XP level 5. HP: 6/50 MP: 4/4
  2271 | D:2      | Found a faded altar of an unknown god.
  2429 | D:2      | Killed Crazy Yiuf
  2611 | D:3      | Reached XP level 6. HP: 56/57 MP: 5/5
  2822 | D:3      | Found a radiant altar of Vehumet.
  2861 | D:3      | Reached *** piety under Trog
  3249 | D:4      | Reached skill level 7 in Fighting
  3254 | D:4      | You pick up a book of the Senses {forbidden} and begin
                  | reading...
  3254 | D:4      | You add the spells Dazzling Flash, Agony and Silence to
                  | your library.
  3289 | D:4      | Reached skill level 7 in Axes
  3550 | D:4      | Reached XP level 7. HP: 66/66 MP: 6/6
  4159 | D:5      | Entered Level 5 of the Dungeon
  4238 | D:5      | HP: 14/67 [ogre/+0 giant club (9)]
  4241 | D:5      | Reached skill level 8 in Fighting
  4241 | D:5      | Reached skill level 8 in Axes
  4519 | D:5      | Reached **** piety under Trog
  4721 | D:5      | Reached XP level 8. HP: 33/77 MP: 7/7
  4927 | D:5      | You pick up a book of Pain {forbidden} and begin reading...
  4927 | D:5      | You add the spells Pain and Excruciating Wounds to your
                  | library.
  5005 | D:5      | Reached skill level 9 in Fighting
  5005 | D:5      | Reached skill level 9 in Axes
  5266 | D:5      | HP: 19/78 [acid (8)]
  5267 | D:5      | HP: 7/78 [acid (7)]
  5268 | D:5      | Splashed by a jelly's acid

Vanquished Creatures
  Sigmund (D:2)
  2 water moccasins (D:5)
  A hornet zombie (D:5)
  An ogre (D:5)
  A phantom (D:4)
  A centaur (D:5)
  4 scorpions
  Crazy Yiuf (D:2)
  A bullfrog skeleton (D:5)
  2 iguanas
  An orc wizard (D:5)
  A hound zombie (D:3)
  6 adders
  A white imp (D:5)
  2 ufetubi
  3 worms
  2 dart slugs
  9 orcs
  7 bats
  11 endoplasms
  8 giant cockroaches
  4 goblins
  10 hobgoblins
  3 jackals (D:1)
  8 quokkas
  8 ball pythons
  6 frilled lizards
  9 kobolds
  4 rats
118 creatures vanquished.

Vanquished Creatures (others)
  4 plants (D:3)
4 creatures vanquished.

Grand Total: 122 creatures vanquished

Table legend:
 A = Non-vault XP
 B = Vault XP
 C = Vault XP percentage of total XP
 D = Non-vault monster count
 E = Vault monster count
 F = Vault count percentage of total count
                 A         B        C        D         E       F
            +---------+---------+-------+---------+---------+-------
      Total |    1425 |     383 |  21.2 |     101 |      17 |  14.4
            +---------+---------+-------+---------+---------+-------
        D:1 |      61 |      12 |  16.4 |      35 |       7 |  16.7
        D:2 |      41 |     263 |  86.5 |      15 |       2 |  11.8
        D:3 |     129 |       0 |   0.0 |      14 |       0 |   0.0
        D:4 |     229 |     108 |  32.0 |      20 |       8 |  28.6
        D:5 |     965 |       0 |   0.0 |      17 |       0 |   0.0
            +---------+---------+-------+---------+---------+-------

Illustrated notes

Table legend:
 A = Kills in this place as a percentage of kills in entire the game.
 B = Kills by you in this place as a percentage of kills by you in the entire game.
 C = Kills by friends in this place as a percentage of kills by friends in the entire game.
 D = Other kills in this place as a percentage of other kills in the entire game.
 E = Experience gained in this place as a percentage of experience gained in the entire game.
 F = Experience gained in this place divided by the number of levels of this place that you have seen.
                   A       B       C       D       E      F
               +-------+-------+-------+-------+-------+----------------------
         Total | 100.0 | 100.0 |   N/A |   N/A | 100.0 | 361.6
       Dungeon | 100.0 | 100.0 |   N/A |   N/A | 100.0 | 361.6
               +-------+-------+-------+-------+-------+----------------------

Table legend: (Time is in decaauts)
 A = Elapsed time spent in this place.
 B = Non-inter-level travel time spent in this place.
 C = Inter-level travel time spent in this place.
 D = Time resting spent in this place.
 E = Time spent auto-exploring this place.
 F = Levels seen in this place.
 G = Mean time per level.
                   A        B        C        D        E       F      G
               +--------+--------+--------+--------+--------+-----+--------+
         Total |   5258 |   4981 |    277 |    996 |   3248 |   5 | 1051.6 |
       Dungeon |   5258 |   4981 |    277 |    996 |   3248 |   5 | 1051.6 |
               +--------+--------+--------+--------+--------+-----+--------+

Top non-repeatable levels by time:
     D:1: 1332 daAuts
     D:2: 1280 daAuts
     D:5: 1097 daAuts
     D:4: 975 daAuts
     D:3: 573 daAuts
